NCAA
LOUISIANA STATE TIGERS @ GEORGETOWN HOYAS
05/06/2023
 
TOP OF THE 1ST
Louisiana State Tigers batting - Pitching for Georgetown Hoyas : RHP Mike Schultz
Pitching: RHP Mike Schultz
Batting: RHB Clint Younger 0-0: Ground out 1-3 (Groundball, 15)
Batting: RHB Ashton Mitchell 0-0: Ball
1-0: Called Strike
1-1: Foul Ball, location: 2F
1-2: Foul Ball, location: 2F
1-2: Ball
2-2: Ball
3-2: Ground out U3 (Groundball, 3)
Batting: RHB Mike O'Brien 0-0: Called Strike
0-1: Ball
1-1: Ball
2-1: Called Strike
2-2: Strikes out swinging
Top of the 1st over - 0 run(s), 0 hit(s), 0 error(s), 0 left on base; Louisiana State 0 - Georgetown 0
BOTTOM OF THE 1ST
Georgetown Hoyas batting - Pitching for Louisiana State Tigers : LHP Richard Behling
Pitching: LHP Richard Behling
Batting: LHB Ken Bullard 0-0: Swinging Strike
0-1: Ball
1-1: Foul Ball, location: 2F
1-2: Strikes out looking
Batting: LHB Tim Rose 0-0: Ball
1-0: Swinging Strike
1-1: Swinging Strike
1-2: Ball
2-2: Ball
3-2: Base on Balls
Batting: LHB Miguel Barrón 0-0: SINGLE (Flyball, 7LM)
Tim Rose to second
Batting: RHB Ron King 0-0: DOUBLE (Line Drive, 3L)
Tim Rose scores
Miguel Barrón to third
Runner from 3rd tries for Home, SAFE, throw made at trailing runner, OUT at third!
Batting: LHB Alan McGilroy 0-0: SOLO HOME RUN (Flyball, 8RXD), Distance : 410 ft
Batting: RHB Gilberto Ferrer 0-0: Ball
1-0: Fly out, F7 (Flyball, 78M)
Bottom of the 1st over - 3 run(s), 3 hit(s), 0 error(s), 0 left on base; Louisiana State 0 - Georgetown 3
TOP OF THE 2ND
Louisiana State Tigers batting - Pitching for Georgetown Hoyas : RHP Mike Schultz
Batting: RHB Chris McBride 0-0: Foul Ball, location: 2F
0-1: Fly out, F7 (Flyball, 7M)
Batting: RHB Willie Townsend 0-0: Called Strike
0-1: Fly out, F7 (Flyball, 78M)
Batting: LHB Joaquín Ochoa 0-0: Ball
1-0: SINGLE (Line Drive, 8RS)
Batting: RHB Sergio Mata 0-0: Called Strike
Joaquín Ochoa steals 2nd base
0-1: Ball
1-1: Ball
2-1: Ball
3-1: Foul Ball, location: 2F
3-2: Foul Ball, location: 2F
3-2: SINGLE (Flyball, 4MD)
Joaquín Ochoa to third
Joaquín Ochoa scores
Batting: RHB George Arnold 0-0: Ball
1-0: Ball
Sergio Mata steals 2nd base
2-0: Ball
3-0: Base on Balls
Batting: RHB Juan Carlos Ortega 0-0: Ball
1-0: 3-RUN HOME RUN (Flyball, 7D), Distance : 358 ft
Batting: RHB Clint Younger 0-0: Called Strike
0-1: Called Strike
0-2: Strikes out swinging
Top of the 2nd over - 4 run(s), 3 hit(s), 0 error(s), 0 left on base; Louisiana State 4 - Georgetown 3
BOTTOM OF THE 2ND
Georgetown Hoyas batting - Pitching for Louisiana State Tigers : LHP Richard Behling
Batting: SHB Miguel Angel Gutiérrez 0-0: Ball
1-0: Swinging Strike
1-1: Ball
2-1: Ball
3-1: DOUBLE (Flyball, 78M)
Batting: SHB Edward Weber 0-0: Ball
1-0: Ball
2-0: Foul Ball, location: 2F
2-1: Foul Ball, location: 2F
2-2: Strikes out swinging
Batting: LHB José De La Cruz 0-0: SINGLE (Groundball, 6M)
Miguel Angel Gutiérrez to third
Runner from 3rd tries for Home, SAFE, throw made home
Batting: LHB Ken Bullard 0-0: Ball
1-0: Called Strike
1-1: Ball
2-1: Ball
3-1: Fly out, F7 (Popup, 78S)
Batting: LHB Tim Rose 0-0: Ball
1-0: Ball
2-0: Called Strike
2-1: Called Strike
2-2: Strikes out swinging
Bottom of the 2nd over - 1 run(s), 2 hit(s), 0 error(s), 1 left on base; Louisiana State 4 - Georgetown 4
TOP OF THE 3RD
Louisiana State Tigers batting - Pitching for Georgetown Hoyas : RHP Mike Schultz
Batting: RHB Ashton Mitchell 0-0: Ball
1-0: Foul Ball, location: 2F
1-1: Foul Ball, location: 2F
1-2: Foul Ball, location: 2F
1-2: Strikes out swinging
Batting: RHB Mike O'Brien 0-0: Fly out, F8 (Flyball, 78S)
Batting: RHB Chris McBride 0-0: Called Strike
0-1: Ball
1-1: Swinging Strike
1-2: Ball
2-2: Foul Ball, location: 2F
2-2: Strikes out looking
Top of the 3rd over - 0 run(s), 0 hit(s), 0 error(s), 0 left on base; Louisiana State 4 - Georgetown 4
BOTTOM OF THE 3RD
Georgetown Hoyas batting - Pitching for Louisiana State Tigers : LHP Richard Behling
Batting: LHB Miguel Barrón 0-0: Ball
1-0: Foul Ball, location: 2F
1-1: Ball
2-1: Foul Ball, location: 2F
2-2: DOUBLE (Line Drive, 8RM)
Batting: RHB Ron King 0-0: Ball
1-0: SINGLE (Flyball, 7S)
Miguel Barrón to third
Batting: LHB Alan McGilroy 0-0: Ball
1-0: Called Strike
1-1: Ball
2-1: Fielders Choice at 2nd, 1-6 (Groundball, 15)
Batting: RHB Gilberto Ferrer 0-0: Called Strike
0-1: Ball
1-1: Foul Ball, location: 2F
1-2: Strikes out looking
Batting: SHB Miguel Angel Gutiérrez 0-0: SINGLE (Flyball, 8RM)
Miguel Barrón scores
Alan McGilroy to second
Runner from 2nd tries for 3rd, SAFE, throw made to third
Miguel Angel Gutiérrez to second
Batting: SHB Edward Weber 0-0: SINGLE (Groundball, 56D)
Alan McGilroy scores
Miguel Angel Gutiérrez to third
Throwing error, E7
Miguel Angel Gutiérrez scores
Edward Weber to second
Batting: LHB José De La Cruz 0-0: Ground out 1-3 (Groundball, 25)
Bottom of the 3rd over - 3 run(s), 4 hit(s), 1 error(s), 1 left on base; Louisiana State 4 - Georgetown 7
TOP OF THE 4TH
Louisiana State Tigers batting - Pitching for Georgetown Hoyas : RHP Mike Schultz
Batting: RHB Willie Townsend 0-0: Ball
1-0: Swinging Strike
1-1: Foul Ball, location: 2F
1-2: Ball
2-2: DOUBLE (Line Drive, 8LM)
Batting: LHB Joaquín Ochoa 0-0: Ball
1-0: SINGLE (Line Drive, 4MD)
Willie Townsend to third
Batting: RHB Sergio Mata 0-0: Called Strike
0-1: Ball
1-1: Swinging Strike
1-2: Foul Ball, location: 2F
1-2: Foul Ball, location: 2F
1-2: Strikes out swinging
Batting: RHB George Arnold 0-0: Called Strike
0-1: Called Strike
Joaquín Ochoa steals 2nd base
0-2: Strikes out swinging
Batting: RHB Juan Carlos Ortega 0-0: Foul Ball, location: 2F
0-1: Ball
1-1: Foul Ball, location: 2F
1-2: Hit by Pitch
Batting: RHB Clint Younger 0-0: Called Strike
0-1: Ball
1-1: Ball
2-1: Foul Ball, location: 2F
2-2: Ball
3-2: Strikes out swinging
Top of the 4th over - 0 run(s), 2 hit(s), 0 error(s), 3 left on base; Louisiana State 4 - Georgetown 7
BOTTOM OF THE 4TH
Georgetown Hoyas batting - Pitching for Louisiana State Tigers : LHP Richard Behling
Batting: LHB Ken Bullard 0-0: Ball
1-0: Ball
2-0: Called Strike
2-1: Swinging Strike
2-2: Strikes out swinging
Pitching: RHP Charles Younger
Batting: LHB Tim Rose 0-0: Called Strike
0-1: Swinging Strike
0-2: Foul Ball, location: 2F
0-2: Ball
1-2: Strikes out swinging
Batting: LHB Miguel Barrón 0-0: Foul Ball, location: 2F
0-1: Swinging Strike
0-2: Ball
1-2: Strikes out looking
Bottom of the 4th over - 0 run(s), 0 hit(s), 0 error(s), 0 left on base; Louisiana State 4 - Georgetown 7
TOP OF THE 5TH
Louisiana State Tigers batting - Pitching for Georgetown Hoyas : RHP Mike Schultz
Batting: RHB Ashton Mitchell 0-0: Called Strike
0-1: Called Strike
0-2: Strikes out swinging
Batting: RHB Mike O'Brien 0-0: Called Strike
0-1: Ground out 1-3 (Groundball, 23)
Batting: RHB Chris McBride 0-0: Ball
1-0: Ball
2-0: Called Strike
2-1: Foul Ball, location: 2F
2-2: SOLO HOME RUN (Flyball, 7LD), Distance : 330 ft
Batting: RHB Willie Townsend 0-0: Ball
1-0: Foul Ball, location: 2F
1-1: Ball
2-1: Ball
3-1: Fly out, F9 (Line Drive, 89M)
Top of the 5th over - 1 run(s), 1 hit(s), 0 error(s), 0 left on base; Louisiana State 5 - Georgetown 7
BOTTOM OF THE 5TH
Georgetown Hoyas batting - Pitching for Louisiana State Tigers : RHP Charles Younger
Batting: RHB Ron King 0-0: Called Strike
0-1: Called Strike
0-2: Ball
1-2: Fly out, F6 (Line Drive, 6)
Batting: LHB Alan McGilroy 0-0: Foul Ball, location: 2F
0-1: Called Strike
0-2: Ball
1-2: Ball
2-2: Ball
3-2: Foul Ball, location: 2F
3-2: Foul Ball, location: 2F
3-2: Base on Balls
Batting: RHB Gilberto Ferrer 0-0: Ball
1-0: Fly out, F9 (Flyball, 89M)
Batting: SHB Miguel Angel Gutiérrez 0-0: Ball
1-0: Foul Ball, location: 2F
1-1: Called Strike
1-2: Strikes out swinging
Bottom of the 5th over - 0 run(s), 0 hit(s), 0 error(s), 1 left on base; Louisiana State 5 - Georgetown 7
TOP OF THE 6TH
Louisiana State Tigers batting - Pitching for Georgetown Hoyas : RHP Mike Schultz
Pitching: LHP José Hernández
Batting: LHB Joaquín Ochoa 0-0: Ball
1-0: Ball
2-0: Foul Ball, location: 2F
2-1: Ball
3-1: Called Strike
3-2: Foul Ball, location: 2F
3-2: Foul Ball, location: 2F
3-2: Base on Balls
Batting: RHB Sergio Mata 0-0: Ball
1-0: Ball
2-0: SINGLE (Flyball, 89S)
Joaquín Ochoa to second
Runner from 2nd tries for 3rd, SAFE, throw made to third
Batting: RHB George Arnold 0-0: Called Strike
0-1: Foul Ball, location: 2F
0-2: SINGLE (Line Drive, 8LS)
Joaquín Ochoa scores
Sergio Mata to second
Batting: RHB Juan Carlos Ortega 0-0: Ball
1-0: Ball
2-0: Called Strike
2-1: Swinging Strike
2-2: Foul Ball, location: 2F
2-2: Strikes out swinging
Batting: RHB Clint Younger 0-0: Fielders Choice at 2nd, 5-4 (Groundball, 56)
Sergio Mata to third
Batting: RHB Ashton Mitchell 0-0: Foul Ball, location: 2F
0-1: Ball
1-1: DOUBLE (Line Drive, 7LS)
Sergio Mata scores
Clint Younger to third
Runner from 3rd tries for Home, throw and OUT!
Top of the 6th over - 2 run(s), 3 hit(s), 0 error(s), 1 left on base; Louisiana State 7 - Georgetown 7
BOTTOM OF THE 6TH
Georgetown Hoyas batting - Pitching for Louisiana State Tigers : RHP Charles Younger
Batting: SHB Edward Weber 0-0: Ball
1-0: Fly out, F9 (Flyball, 89M)
Batting: LHB José De La Cruz 0-0: Ball
1-0: Ball
2-0: Ball
3-0: Called Strike
3-1: Fly out, F7 (Flyball, 7LM)
Batting: LHB Ken Bullard 0-0: Called Strike
0-1: Ball
1-1: Ground out 3-1 (Groundball, 34S)
Bottom of the 6th over - 0 run(s), 0 hit(s), 0 error(s), 0 left on base; Louisiana State 7 - Georgetown 7
TOP OF THE 7TH
Louisiana State Tigers batting - Pitching for Georgetown Hoyas : LHP José Hernández
Batting: RHB Mike O'Brien 0-0: Ball
1-0: SINGLE (Line Drive, 7S)
Batting: RHB Chris McBride 0-0: Ball
1-0: Swinging Strike
1-1: Ball
2-1: Foul Ball, location: 2F
2-2: SINGLE (Groundball, 56D)
Mike O'Brien to second
Pinch Runner at 2nd Gary Sullivan:
Batting: RHB Willie Townsend 0-0: Called Strike
0-1: Ball
1-1: Called Strike
1-2: Strikes out swinging
Pitching: RHP Paul McNeal
Batting: LHB Joaquín Ochoa 0-0: Foul Ball, location: 2F
0-1: Ball
1-1: Ball
2-1: Foul Ball, location: 2F
2-2: Ball
3-2: 3-RUN HOME RUN (Flyball, 78XD), Distance : 384 ft
Batting: RHB Sergio Mata 0-0: Fly out, F7 (Flyball, 7LM)
Batting: RHB George Arnold 0-0: Ball
1-0: Fly out, F1 (Popup, 15)
Top of the 7th over - 3 run(s), 3 hit(s), 0 error(s), 0 left on base; Louisiana State 10 - Georgetown 7
BOTTOM OF THE 7TH
Georgetown Hoyas batting - Pitching for Louisiana State Tigers : RHP Charles Younger
Pitching: RHP Allan Brown
Now at 1B: Dave Bryan
Batting: LHB Tim Rose 0-0: Foul Ball, location: 2F
0-1: Ball
1-1: Bunt missed!
1-2: Fly out, F5 (Popup, 6)
Batting: LHB Miguel Barrón 0-0: Ground out 3-1 (Groundball, 34)
Batting: RHB Ron King 0-0: SINGLE (Line Drive, 7S)
Batting: LHB Alan McGilroy 0-0: Ball
Ron King steals 2nd base
1-0: Ground out 4-3 (Groundball, 4M)
Bottom of the 7th over - 0 run(s), 1 hit(s), 0 error(s), 1 left on base; Louisiana State 10 - Georgetown 7
TOP OF THE 8TH
Louisiana State Tigers batting - Pitching for Georgetown Hoyas : RHP Paul McNeal
Batting: RHB Juan Carlos Ortega 0-0: Called Strike
0-1: Ball
1-1: Ball
2-1: Foul Ball, location: 2F
2-2: Strikes out swinging
Batting: RHB Clint Younger 0-0: Called Strike
0-1: Swinging Strike
0-2: Foul Ball, location: 2F
0-2: Strikes out swinging
Batting: RHB Ashton Mitchell 0-0: Called Strike
0-1: Foul Ball, location: 2F
0-2: Strikes out swinging
Top of the 8th over - 0 run(s), 0 hit(s), 0 error(s), 0 left on base; Louisiana State 10 - Georgetown 7
BOTTOM OF THE 8TH
Georgetown Hoyas batting - Pitching for Louisiana State Tigers : RHP Allan Brown
Batting: RHB Gilberto Ferrer 0-0: Ball
1-0: Ball
2-0: Called Strike
2-1: Ball
3-1: Base on Balls
Pitching: RHP Paul Clark
Batting: SHB Miguel Angel Gutiérrez 0-0: Ball
1-0: Ball
2-0: Ball
3-0: Called Strike
3-1: Ground out U3 (Groundball, 3S)
Gilberto Ferrer to second
Batting: SHB Edward Weber 0-0: Swinging Strike
0-1: Ball
1-1: Swinging Strike
1-2: Ball
2-2: Ground out 6-3 (Groundball, 6)
Batting: LHB José De La Cruz 0-0: Called Strike
0-1: Called Strike
0-2: Strikes out swinging
Bottom of the 8th over - 0 run(s), 0 hit(s), 0 error(s), 1 left on base; Louisiana State 10 - Georgetown 7
TOP OF THE 9TH
Louisiana State Tigers batting - Pitching for Georgetown Hoyas : RHP Paul McNeal
Batting: RHB Dave Bryan 0-0: Foul Ball, location: 2F
0-1: Ball
1-1: Swinging Strike
1-2: Ball
2-2: Ground out 4-3 (Groundball, 4)
Batting: RHB Chris McBride 0-0: Ground out 6-3 (Groundball, 6)
Batting: RHB Willie Townsend 0-0: Ball
1-0: Called Strike
1-1: Foul Ball, location: 2F
1-2: Ball
2-2: Ball
3-2: Base on Balls
Pitching: RHP Sam O'Farrell
Batting: LHB Joaquín Ochoa 0-0: Ball
1-0: Foul Ball, location: 2F
1-1: Ball
2-1: Swinging Strike
2-2: Foul Ball, location: 2F
2-2: Ball
3-2: SINGLE (Groundball, 56D)
Willie Townsend to second
Willie Townsend to third
Batting: RHB Sergio Mata 0-0: Ball
1-0: SINGLE (Groundball, 4MD)
Willie Townsend scores
Joaquín Ochoa to second
Batting: RHB George Arnold 0-0: Ground out 4-3 (Groundball, 4)
Top of the 9th over - 1 run(s), 2 hit(s), 0 error(s), 2 left on base; Louisiana State 11 - Georgetown 7
BOTTOM OF THE 9TH
Georgetown Hoyas batting - Pitching for Louisiana State Tigers : RHP Paul Clark
Batting: LHB Ken Bullard 0-0: Foul Ball, location: 2F
0-1: Swinging Strike
0-2: Strikes out swinging
Batting: LHB Tim Rose 0-0: Called Strike
0-1: Foul Ball, location: 2F
0-2: Foul Ball, location: 2F
0-2: Ball
1-2: Strikes out looking
Batting: LHB Miguel Barrón 0-0: Ball
Single, Error in OF, E9, batter to second base
Batting: RHB Ron King 0-0: Fly out, F9 (Flyball, 9S)
Bottom of the 9th over - 0 run(s), 1 hit(s), 1 error(s), 1 left on base; Louisiana State 11 - Georgetown 7
This league is powered by Out of the Park Baseball, the baseball management simulation game for PC, Mac and Linux
Wednesday, December 2nd, 2015 - OOTP Baseball 16.8 Build 38